 Dungeon Crawl Stone Soup version 0.32-a0-599-gba8f9cf90e (webtiles) character file.

Game seed: 13515966604295643017

13475 PriceMaster the Thaumaturge (level 11, -7/49 HPs)
             Began as a Spriggan Alchemist on Feb 24, 2024.
             Was a Believer of Vehumet.
             Killed from afar by a storm dragon (33 damage)
             ... with a bolt of lightning
             ... on level 13 of the Dungeon on Mar 2, 2024.
             The game lasted 00:35:50 (15926 turns).

PriceMaster the Thaumaturge (Spriggan Alchemist)   Turns: 15926, Time: 00:35:50

Health: -7/49      AC:  6    Str:  4    XL:     11   Next: 76%
Magic:  15/39      EV: 24    Int: 21    God:    Vehumet [**....]
Gold:   759        SH:  0    Dex: 16    Spells: 10/39 levels left

rFire   . . .        E - +0 whip of Tazxuh Heto {venom, rC+ Will+}
rCold   + + .        m - orb {*Rage}
rNeg    + + .        B - +0 robe {rC+}
rPois   +            x - +2 hat of Qazlal's Generosity {rPois rN+}
rElec   .            v - +1 cloak
rCorr   .            (gloves unavailable)
SInv    +            (boots unavailable)
Will    ++...        r - amulet of the acrobat
Stlth   +++          p - +5 ring of evasion
HPRegen 0.28/turn    u - ring of Qufewic {rN+ MP+9 Int+3 Dex-3}
MPRegen 0.26/turn

%: random rage (20%), acrobat
@: radiating poison, very quick
A: very small, no large weapons, unfitting armour, see invisible, speed 3
a: Renounce Religion


You were on level 13 of the Dungeon.
You worshipped Vehumet.
Vehumet was pleased with you.
You visited 1 branch of the dungeon, and saw 12 of its levels.

You collected 803 gold pieces.
You spent 44 gold pieces at shops.

Inventory:

Hand Weapons
 g - a +4 dagger
 E - the +0 whip of Tazxuh Heto (weapon) {venom, rC+ Will+}
   (You found it on level 7 of the Dungeon)

   rC+:       It protects you from cold.
   Will+:     It increases your willpower.
Armour
 a - a +0 robe
 m - an orb of wrath (worn)
 v - a +1 cloak (worn)
 x - the +2 hat of Qazlal's Generosity (worn) {rPois rN+}
   (You acquired it on level 5 of the Dungeon)

   rPois:     It protects you from poison.
   rN+:       It protects you from negative energy.
 B - a +0 robe of cold resistance (worn)
Jewellery
 p - a +5 ring of evasion (left hand)
 q - an amulet of regeneration
 r - an amulet of the acrobat (around neck)
 u - the ring of Qufewic (right hand) {rN+ MP+9 Int+3 Dex-3}
   (You found it on level 4 of the Dungeon)

   [ring of magical power]

   Int+3:     It affects your intelligence (+3).
   Dex-3:     It affects your dexterity (-3).
   rN+:       It protects you from negative energy.
   MP+9:      It affects your magic capacity (+9).
 K - an amulet of faith
 O - a ring of protection from cold
Wands
 d - a wand of mindburst (10)
 y - a wand of roots (6)
 F - a wand of flame (5)
 G - a wand of charming (8)
 N - a wand of light (2)
Scrolls
 c - 3 scrolls of amnesia
 k - 3 scrolls of poison
 l - a scroll of butterflies {unknown}
 n - 2 scrolls of teleportation
 t - a scroll of revelation {unknown}
 w - 2 scrolls of blinking {unknown}
 A - 3 scrolls of fear {unknown}
 C - a scroll of brand weapon {unknown}
 I - 4 scrolls of identify
 J - 2 scrolls of enchant armour
 L - a scroll of fog {unknown}
 M - 2 scrolls of immolation {unknown}
Potions
 b - a potion of magic
 e - 5 potions of enlightenment
 f - a potion of attraction
 h - 5 potions of might
 i - a potion of resistance {unknown}
 j - 6 potions of curing
 o - 2 potions of mutation {unknown}
 s - 2 potions of heal wounds
 z - a potion of ambrosia {unknown}
 D - a potion of cancellation {unknown}
 H - a potion of haste {unknown}
 P - a potion of lignification {unknown}


   Skills:
 + Level 1.0 Fighting
 + Level 2.3 Short Blades
 + Level 1.0 Maces & Flails
 + Level 5.0 Dodging
 + Level 5.7 Stealth
 + Level 14.6 Spellcasting
 + Level 2.7 Conjurations
 * Level 3.9 Fire Magic
 * Level 3.6 Air Magic
 + Level 12.7 Alchemy
 + Level 1.3 Evocations


You had 10 spell levels left.
You knew the following spells:

 Your Spells              Type           Power      Damage    Failure   Level
a - Sting                 Conj/Alch      100%       1d9       1%          1
b - Mercury Vapours       Alch/Air       98%        N/A       1%          2
c - Olgreb's Toxic Radia  Alch           62%        N/A       1%          4
d - Sticky Flame          Fire/Alch      50%        2d9       1%          4
e - Ignite Poison         Fire/Alch      50%        N/A       1%          4
f - Arcjolt               Conj/Air       14%        1d24      30%         5
g - Plasma Beam           Fire/Air       15%        2x1d27    78%         6
h - Mephitic Cloud        Conj/Alch/Air  42%        N/A       1%          3

Your spell library contained the following spells:

 Spells                   Type           Power      Damage    Failure   Level
 Freeze                   Ice            60%        1d7       4%          1
 Magic Dart               Conj           100%       1d8       1%          1
 Blink                    Tloc           30%        N/A       6%          2
 Call Imp                 Summ           30%        N/A       6%          2
 Hailstorm                Conj/Ice       21%        3d7       7%          3
 Summon Ice Beast         Ice/Summ       15%        N/A       12%         3
 Vhi's Electric Charge    Tloc/Air       44%        N/A       19%         4
 Anguish                  Hex/Necr       7%         N/A       38%         4
 Cause Fear               Hex            7%         N/A       38%         4
 Sculpt Simulacrum        Ice/Alch       21%        N/A       41%         6
 Enfeeble                 Hex            7%         N/A       100%        7
 Malign Gateway           Summ/Tloc      7%         N/A       100%        7
 Ignition                 Fire           16%        3d6       100%        8
 Summon Horrible Things   Summ           7%         N/A       100%        8


Dungeon Overview and Level Annotations

Branches:
Dungeon (13/15)            Temple (0/1) D:6            Lair (0/5) D:10
    Orc: D:9-12      Vaults: D:13-14

Altars:
Ashenzari
Dithmenos
Elyvilon
Gozag
Kikubaaqudgha
Ru
Vehumet
The Shining One

Shops:
D:5 *   D:11 *   D:12 (


Innate Abilities, Weirdness & Mutations

You are very small and have problems with some larger weapons.
You are too small for most types of armour.
You have supernaturally acute eyesight. (SInv)
You cover ground extremely quickly. (Speed+++)


Message History

The deep troll earth mage is engulfed in blazing flames.
Casting: Ignite Poison (dangerous; 1% risk of failure)
Confirm with . or Enter, or press ? or * to list all spells.
You can't see any susceptible monsters within range! (Use Z to cast anyway.)
Casting: Ignite Poison (dangerous; 1% risk of failure)
Confirm with . or Enter, or press ? or * to list all spells.
Okay, then.
Casting: Ignite Poison (dangerous; 1% risk of failure)
Confirm with . or Enter, or press ? or * to list all spells.
Aiming: Mephitic Cloud (safe; 1% risk of failure)
Press: ? - help, Shift-Dir - straight line, f - storm dragon
Aim: a storm dragon (flame, heavily wounded, very poisoned, chance to affect: 34%)
The ball explodes into a vile cloud!
The stinking cloud engulfs the storm dragon.
The storm dragon is heavily wounded.
The stinking cloud engulfs the deep troll earth mage.
The deep troll earth mage is lightly wounded.
The deep troll earth mage is engulfed in noxious fumes.
The deep troll earth mage appears confused.
The deep troll earth mage closely misses the storm dragon. x2
The deep troll earth mage barely misses the storm dragon.
The storm dragon is engulfed in blazing flames.
Casting: Mephitic Cloud (safe; 1% risk of failure)
Confirm with . or Enter, or press ? or * to list all spells.
You ignite the poison in your surroundings!
The storm dragon seems to burn from within!!
The storm dragon is almost dead.
The deep troll earth mage seems to burn from within!!!
You kill the deep troll earth mage!
Vehumet accepts your kill.
The troll leather armour is intact enough to wear.
The yaktaur seems to burn from within!!!
You kill the yaktaur!
Vehumet accepts your kill.
The storm dragon is poisoned.
The storm dragon is engulfed in blazing flames.
The storm dragon breathes lightning at you.
The bolt of lightning hits you!!
Ouch! That really hurt!
You die...

##...## ##>## #####
##.## ##.#.###.....
#.# #.###....# #.#
##.#...### ##'##
#....## ##...## #.#.##
#.....## ###...# .#
.......## ##.#..##§.#
........####....@D)☼°#
........+........##§°#
........####......# .#
.......## ##.#.#.##
#.....## ###....##
##...## #.....###
##'## #...#...###
###.##### ##.........
........# #.#######.


You could see a storm dragon (poisoned, catching breath).

Vanquished Creatures
  2 centaur warriors (D:13)
  Erica (D:10)
  2 two-headed ogres
  A deep troll earth mage (D:13)
  Pikel (D:6)
  A cyclops (D:12)
  An ugly thing (D:13)
  4 slime creatures (D:10)
  A yaktaur (D:13)
  A troll (D:10)
  2 polar bears (D:10)
  A hornet (D:10)
  Sigmund (D:6)
  14 yaks
  2 wraiths
  A basilisk (D:11)
  11 vampire mosquitoes
  2 water moccasins
  2 orc warriors
  5 ice beasts
  3 sky beasts (D:6)
  2 ogres (D:5)
  A wolf (D:10)
  A centaur (D:10)
  A phantom (D:6)
  4 lemures (D:6)
  A kobold brigand (D:11)
  A gnoll sergeant (D:7)
  A bullfrog (D:7)
  A scorpion (D:5)
  3 wights (D:10)
  15 killer bees
  An electric eel (D:10)
  2 hounds
  3 orc priests
  4 iguanas
  2 jellies
  3 sleepcaps
  Jessica (D:2)
  4 orc wizards
  11 adders
  8 gnolls
  A howler monkey simulacrum (D:10)
  6 ufetubi
  A dart slug (D:3)
  2 ribbon worms
  21 orcs
  7 endoplasms
  A giant cockroach (D:3)
  6 goblins
  4 hobgoblins
  A quokka (D:2)
  5 ball pythons
  2 bats
  2 frilled lizards
  8 kobolds
  4 rats
200 creatures vanquished.

Vanquished Creatures (collateral kills)
  A troll (D:12)
1 creature vanquished.

Vanquished Creatures (others)
  A gargoyle (D:12)
1 creature vanquished.

Grand Total: 202 creatures vanquished

Notes
Turn   | Place    | Note
-------+----------+-------------------------------------------
     0 | D:1      | PriceMaster the Spriggan Alchemist began the quest for the
                  | Orb.
     0 | D:1      | Reached XP level 1. HP: 9/9 MP: 5/5
   157 | D:1      | Reached skill level 3 in Spellcasting
   266 | D:1      | Reached XP level 2. HP: 7/13 MP: 4/7
   270 | D:1      | Learned a level 2 spell: Mercury Vapours
  1034 | D:2      | Reached skill level 1 in Conjurations
  1034 | D:2      | Reached XP level 3. HP: 16/16 MP: 1/8
  1171 | D:2      | Noticed Jessica
  1179 | D:2      | Killed Jessica
  1407 | D:2      | Reached XP level 4. HP: 21/21 MP: 5/10
  2028 | D:3      | Found a shadowy altar of Dithmenos.
  2114 | D:3      | Reached XP level 5. HP: 23/24 MP: 4/11
  2119 | D:3      | Learned a level 4 spell: Olgreb's Toxic Radiance
  2205 | D:3      | Reached skill level 4 in Spellcasting
  2345 | D:3      | Found a broken altar of Ashenzari.
  2355 | D:3      | Found a sacrificial altar of Ru.
  2358 | D:3      | Found a white marble altar of Elyvilon.
  2358 | D:3      | Found an ancient bone altar of Kikubaaqudgha.
  2365 | D:3      | Found a glowing golden altar of the Shining One.
  2982 | D:4      | Identified the ring of Qufewic {rN+ MP+9 Int+3 Dex-3}
  3680 | D:5      | Entered Level 5 of the Dungeon
  3686 | D:5      | Noticed a water moccasin
  3723 | D:5      | Found Hoesawy's General Store.
  3740 | D:5      | Noticed an ogre
  3744 | D:5      | Noticed an ice beast
  3791 | D:5      | Reached skill level 5 in Alchemy
  3791 | D:5      | Reached XP level 6. HP: 5/28 MP: 2/14
  3946 | D:5      | Reached skill level 5 in Spellcasting
  3990 | D:5      | Reached skill level 1 in Short Blades
  4001 | D:5      | Killed a water moccasin
  4002 | D:5      | Reached XP level 7. HP: 18/32 MP: 2/16
  4109 | D:5      | Learned a level 4 spell: Sticky Flame
  4185 | D:5      | Reached skill level 6 in Spellcasting
  4313 | D:5      | Reached skill level 1 in Air Magic
  4612 | D:5      | Bought a scroll of identify for 22 gold pieces
  4612 | D:5      | Bought a scroll of identify for 22 gold pieces
  4618 | D:5      | Identified a scroll of acquirement
  4621 | D:5      | Acquired the +2 hat of Qazlal's Generosity {rPois rN+}
  5315 | D:6      | Reached skill level 7 in Spellcasting
  5315 | D:6      | Reached XP level 8. HP: 26/37 MP: 0/19
  6200 | D:6      | Noticed Pikel
  6218 | D:6      | Killed Pikel
  6219 | D:6      | Reached skill level 8 in Spellcasting
  6997 | D:6      | Reached skill level 9 in Spellcasting
  7126 | D:6      | Reached skill level 1 in Fire Magic
  7126 | D:6      | Reached XP level 9. HP: 38/40 MP: 11/23
  7233 | D:6      | Found an opulent altar of Gozag.
  7390 | D:6      | Found a staircase to the Ecumenical Temple.
  7572 | D:6      | Noticed Sigmund
  7578 | D:6      | Killed Sigmund
  7579 | D:6      | Reached skill level 5 in Stealth
  8322 | D:7      | Reached skill level 10 in Spellcasting
  8657 | D:7      | Identified the +0 whip of Tazxuh Heto {venom, rC+ Will+}
  8897 | D:8      | Learned a level 4 spell: Ignite Poison
  8936 | D:8      | Found a radiant altar of Vehumet.
  8974 | D:8      | Became a worshipper of Vehumet
  9187 | D:8      | You fall into a shaft and drop 3 floors!
  9207 | D:10     | Entered Level 10 of the Dungeon
  9916 | D:10     | Reached skill level 10 in Alchemy
 10256 | D:10     | Reached skill level 11 in Spellcasting
 10408 | D:10     | Found a staircase to the Lair.
 10409 | D:10     | Noticed a troll
 10421 | D:10     | Killed a troll
 10422 | D:10     | Reached XP level 10. HP: 33/44 MP: 24/26
 10533 | D:10     | Reached skill level 12 in Spellcasting
 11245 | D:10     | Noticed Erica
 11255 | D:10     | Killed Erica
 12462 | D:11     | Reached * piety under Vehumet
 12462 | D:11     | Offered knowledge of Shock by Vehumet.
 12471 | D:11     | Reached skill level 13 in Spellcasting
 12944 | D:11     | Found Kyqysuff's Assorted Antiques.
 13602 | D:11     | Noticed a two-headed ogre
 13606 | D:11     | Killed a two-headed ogre
 13607 | D:11     | Reached skill level 1 in Fighting
 13607 | D:11     | Reached XP level 11. HP: 49/49 MP: 27/29
 14279 | D:12     | Found a gate leading to a gauntlet.
 14293 | D:12     | Learned a level 5 spell: Arcjolt
 14385 | D:12     | Found Mium's Antique Weapon Shop.
 14617 | D:12     | Reached skill level 1 in Evocations
 15012 | D:12     | Reached skill level 14 in Spellcasting
 15110 | D:13     | Noticed a brown ugly thing
 15115 | D:13     | Killed a brown ugly thing
 15215 | D:13     | Noticed a four-headed hydra
 15242 | D:13     | Upgraded the game from 0.32-a0-468-g38b2580584 to
                  | 0.32-a0-599-gba8f9cf90e
 15249 | D:13     | Reached ** piety under Vehumet
 15253 | D:13     | Offered knowledge of Freeze by Vehumet.
 15580 | D:13     | Learned a level 6 spell: Plasma Beam
 15705 | D:13     | Noticed a centaur warrior
 15709 | D:13     | Killed a centaur warrior
 15841 | D:13     | Noticed a two-headed ogre
 15846 | D:13     | Killed a two-headed ogre
 15851 | D:13     | Learned a level 3 spell: Mephitic Cloud
 15918 | D:13     | Noticed a centaur warrior
 15921 | D:13     | Noticed a storm dragon
 15922 | D:13     | Noticed a deep troll earth mage
 15923 | D:13     | Killed a centaur warrior
 15924 | D:13     | Reached skill level 1 in Maces & Flails
 15924 | D:13     | Reached skill level 5 in Dodging
 15926 | D:13     | Killed a deep troll earth mage
 15926 | D:13     | Killed from afar by a storm dragon

Illustrated notes

Levels and vault maps discovered:
D:1:      spicycebolla_arrival_xxxplode, layout_rooms
D:2:      layout_loops_cross, uniq_jessica
D:3:      layout_rooms, nicolae_overflow_hallway_of_the_gods,
          mainiacjoe_overflow_boulevard, serial_aquarium,
          aquarium_bridge_island_large [aquarium_subvault_large_open,
          aquarium_subvault_bridge, aquarium_subvault_wall,
          aquarium_subvault_wall, aquarium_subvault_bridge],
          aquarium_bridge_square [aquarium_subvault_bridge,
          aquarium_subvault_bridge, aquarium_subvault_window,
          aquarium_subvault_wall], aquarium_window_corridor_3,
          aquarium_window_fake, aquarium_window_1, aquarium_window_double,
          aquarium_view_2g, aquarium_balcony_double_1
D:4:      layout_loops_cross, serial_park_tiny_1
D:5:      layout_basic, serial_shops, nicolae_stop_n_shop_1,
          nicolae_figureground_sparkle
D:6:      layout_basic, mainiacjoe_overflow_surrounded_room,
          minmay_temple_entry_hall, kennysheep_generic_room_5, uniq_sigmund,
          uniq_pikel
D:7:      layout_loops_ring
D:8:      layout_gridville, vehumet_crystals
D:10:     layout_loops_ring, lair_entry_dummy, serial_ice, serial_ice_g,
          serial_ice_l, serial_ice_b, serial_ice_a, uniq_erica
D:11:     layout_basic, serial_shops, nicolae_shop_pleasant_corner_grove,
          chequers_serial_rivers_micro_b, nicolae_the_louvre
D:12:     layout_basic, serial_shops, nicolae_take_the_stairs,
          gauntlet_entry_generic
D:13:     layout_loops_corners, hellmonk_vaults_attempted_burglary,
          minmay_checkered_concentric_circles

Skill      XL: |  1  2  3  4  5  6  7  8  9 10 11 |
---------------+----------------------------------+-----
Spellcasting   | 3 4 5 7 9 11 13 14 | 14.6
Conjurations   | 1 2 |  2.7
Dodging        | 3 4 5 |  5.0
Alchemy        | 4 5 6 8 10 11 12 | 12.7
Short Blades   | 1 2 |  2.3
Stealth        | 4 5 |  5.7
Air Magic      | 1 2 3 |  3.6
Fire Magic     | 1 2 3 |  3.9
Fighting       | 1 |  1.0
Evocations     | 1 |  1.3
Maces & Flails | 1 |  1.0

Action                     |  1- 3 |  4- 6 |  7- 9 | 10-12 || total
---------------------------+-------+-------+-------+-------++-------
  Melee: Unarmed           |     5 |       |       |       ||     5
         Dagger            |     3 |    55 |    41 |       ||    99
         Whip              |       |       |     5 |    29 ||    34
   Cast: Sting             |    44 |    55 |    36 |    21 ||   156
         Mercury Vapours   |     7 |     7 |    15 |    12 ||    41
         Olgreb's Toxic Ra |       |    16 |    58 |    37 ||   111
         Sticky Flame      |       |       |    15 |    21 ||    36
         Ignite Poison     |       |       |     8 |    30 ||    38
         Arcjolt           |       |       |       |     3 ||     3
         Mephitic Cloud    |       |       |       |     2 ||     2
  Evoke: Wand              |       |       |     1 |    11 ||    12
    Use: Potion            |       |     1 |       |     2 ||     3
         Scroll            |       |       |    14 |       ||    14
   Stab: Distracted        |       |     1 |       |       ||     1
         Sleeping          |       |       |     1 |     1 ||     2
 Armour: Robe              |     5 |    13 |    17 |    24 ||    59
  Dodge: Dodged            |    17 |    72 |    59 |    86 ||   234

Table legend: (Time is in decaauts)
 A = Elapsed time spent in this place.
 B = Non-inter-level travel time spent in this place.
 C = Inter-level travel time spent in this place.
 D = Time resting spent in this place.
 E = Time spent auto-exploring this place.
 F = Levels seen in this place.
 G = Mean time per level.
                   A        B        C        D        E       F      G
               +--------+--------+--------+--------+--------+-----+--------+
         Total |  13394 |  13159 |    235 |   6556 |   5242 |  12 | 1116.2 |
       Dungeon |  13394 |  13159 |    235 |   6556 |   5242 |  12 | 1116.2 |
               +--------+--------+--------+--------+--------+-----+--------+

Top non-repeatable levels by time:
    D:10: 2983 daAuts
     D:6: 2304 daAuts
     D:5: 1428 daAuts
    D:11: 1339 daAuts
     D:3: 924 daAuts
     D:4: 788 daAuts
    D:12: 734 daAuts
    D:13: 702 daAuts
     D:2: 650 daAuts
     D:7: 636 daAuts
     D:1: 557 daAuts
     D:8: 344 daAuts
